 Dungeon Crawl Stone Soup version 0.31-a0-204-g7da18cac08 (webtiles) character file.

Game seed: 2975329632308305281

173 qw the Skirmisher (level 5, -16/29 HPs)
             Began as a Deep Elf Hunter on June 27, 2023.
             Demolished by an ogre
             ... wielding a +0 giant club
              (27 damage)
             ... on level 4 of the Dungeon.
             The game lasted 00:00:46 (2224 turns).

qw the Skirmisher (Deep Elf Hunter)                 Turns: 2224, Time: 00:00:46

Health: -16/29     AC:  7    Str: 10    XL:     5   Next: 28%
Magic:  7/7        EV: 10    Int: 14    God:
Gold:   92         SH:  0    Dex: 24    Spells: 4/4 levels left

rFire   . . .        Y - +0 shortbow
rCold   . . .        (shield currently unavailable)
rNeg    . . .        j - +0 scale mail
rPois   +            (no helmet)
rElec   .            (no cloak)
rCorr   .            k - +0 pair of gloves
SInv    .            (no boots)
Will    .....        (no amulet)
Stlth   +            f - +6 ring of dexterity
HPRegen 0.24/turn    g - ring of poison resistance
MPRegen 0.10/turn

%: no passive effects
@: no status effects
A: no striking features
a: no special abilities


You were on level 4 of the Dungeon.
You visited 1 branch of the dungeon, and saw 4 of its levels.

You collected 92 gold pieces.


   Skills:
 - Level 1.5 Fighting
 + Level 8.5 Ranged Weapons
 - Level 3.0 Dodging
 - Level 1.2 Stealth


You had 4 spell levels left.
You didn't know any spells.
Your spell library was empty.

Inventory:

Hand Weapons
 Y - a +0 shortbow (weapon)
Armour
 j - a +0 scale mail (worn)
 k - a +0 pair of gloves (worn)
Jewellery
 f - a +6 ring of dexterity (left hand)
 g - a ring of poison resistance (right hand)
Scrolls
 a - a scroll of identify
Potions
 b - a potion of heal wounds
 d - a potion of enlightenment {unknown}
 e - a potion of curing {unknown}
 h - a potion of brilliance {unknown}

Dungeon Overview and Level Annotations

Branches:
Dungeon (4/15)
 Temple: D:4-7

Altars:


Message History

The jackal misses you.
You shoot an arrow. The arrow barely misses the jackal.
The jackal bites you but does no damage.
The jackal misses you.
You shoot an arrow. The arrow barely misses the jackal.
The jackal barely misses you.
You shoot an arrow. The arrow hits the jackal!
You kill the jackal!
There is an open door, spattered with blood here.
You see here a jackal corpse.
You feel your willpower return.
You open the door.
An ogre comes into view. It is wielding a +0 giant club.
The ogre shouts!
You shoot an arrow. The arrow hits the ogre.
The ogre is lightly wounded.
You shoot an arrow. The arrow hits the ogre.
The ogre is moderately wounded.
An adder comes into view.
You shoot an arrow. The arrow barely misses the ogre.
The adder hisses angrily.
You shoot an arrow. The arrow hits the ogre.
The ogre is heavily wounded.
The ogre hits you with a +0 giant club!!
Ouch! That really hurt!
You shoot an arrow. The arrow hits the ogre.
The ogre is severely wounded.
The ogre barely misses you.
You shoot an arrow. The arrow completely misses the ogre.
The ogre closely misses you.
You shoot an arrow. The arrow hits the ogre.
The ogre is almost dead.
The ogre barely misses you.
You shoot an arrow. The arrow hits the ogre.
The ogre is almost dead.
You shoot an arrow. The arrow hits the ogre.
The ogre is almost dead.
The ogre hits you with a +0 giant club!!
Ouch! That really hurt!
You die...

#..............#
#..............#
#..............#
#..............#
#..............#
#......####%####
#......#......#
#......#..<...#
#..@...#......#
###O####......#
.S. #......#
..... #......#
.......+......#
........#......#
..##+#####+######
...


You could see an ogre and an adder.

Vanquished Creatures
  An orc priest (D:3)
  Jessica (D:2)
  5 adders
  3 worms
  A dart slug (D:2)
  4 orcs (D:3)
  5 endoplasms
  3 giant cockroaches
  5 goblins
  6 hobgoblins
  7 jackals
  3 quokkas
  A ball python (D:1)
  6 frilled lizards
  2 kobolds
  5 rats
58 creatures vanquished.

Notes
Turn   | Place    | Note
-------+----------+-------------------------------------------
     0 | D:1      | qw the Deep Elf Hunter began the quest for the Orb.
     0 | D:1      | Reached XP level 1. HP: 12/12 MP: 3/3
     0 | D:1      | 0 ||| qw: Version: 0.3-a-22-g0ed2b0b
     0 | D:1      | 0 ||| qw: Game counter: 6467
     0 | D:1      | 0 ||| qw: Melee chars always use a shield: true
     0 | D:1      | 0 ||| qw: God list: Okawaru
     0 | D:1      | 0 ||| qw: Allow faded altars: false
     0 | D:1      | 0 ||| qw: Do Orc after clearing Dungeon:15 true
     0 | D:1      | 0 ||| qw: Do second Lair branch before Depths: true
     0 | D:1      | 0 ||| qw: Lair rune preference: random
     0 | D:1      | 0 ||| qw: Goals: Normal
     0 | D:1      | 0 ||| PLANNING D:1-11
   393 | D:1      | Reached XP level 2. HP: 16/16 MP: 4/4
   413 | D:1      | Reached skill level 6 in Ranged Weapons
   773 | D:1      | 773 ||| UPGRADING to +6 ring of dexterity.
   774 | D:1      | 774 ||| UPGRADING to ring of poison resistance.
   775 | D:1      | 775 ||| READING 2 scrolls labelled DATIEMP ZEIRUCS.
   776 | D:1      | 776 ||| READING scroll labelled OLOSCH ZACOECW.
   777 | D:1      | 777 ||| DROPPING scroll of butterflies.
   804 | D:2      | Identified the +7 hand axe "Adiub" {flame, +Blink rElec}
   908 | D:2      | Reached XP level 3. HP: 20/20 MP: 5/5
   916 | D:2      | Reached skill level 7 in Ranged Weapons
  1032 | D:2      | Reached skill level 3 in Dodging
  1067 | D:2      | Reached XP level 4. HP: 25/25 MP: 6/6
  1261 | D:2      | Noticed Jessica
  1263 | D:2      | Killed Jessica
  1536 | D:2      | 1536 ||| READING scroll labelled NEVUMICYWO.
  1541 | D:2      | 1541 ||| DRINKING 2 smoky grey potions.
  1565 | D:2      | 1565 ||| DROPPING potion of lignification.
  1831 | D:3      | Reached skill level 8 in Ranged Weapons
  1859 | D:3      | Reached XP level 5. HP: 20/29 MP: 7/7
  2156 | D:3      | 2156 ||| UPGRADING to +0 scale mail.
  2166 | D:3      | 2166 ||| DROPPING +0 leather armour.
  2167 | D:3      | 2167 ||| UPGRADING to +0 pair of gloves.
  2172 | D:3      | 2172 ||| READING scroll labelled JYEXKE SESASMO.
  2173 | D:3      | 2173 ||| READING 2 scrolls of identify.
  2173 | D:3      | 2173 ||| IDENTIFYING glowing dark potion
  2215 | D:4      | Noticed an ogre
  2224 | D:4      | Demolished by an ogre

Levels and vault maps discovered:
D:1:      erik_arrival_blinker_ship, layout_basic
D:2:      layout_basic, uniq_jessica
D:3:      layout_loops_ring
D:4:      layout_gridville, grunt_decor_fettered, uniq_natasha

Skill      XL: |  1  2  3  4 |
---------------+-------------+-----
Ranged Weapons | 6 7 8 |  8.5
Dodging        | 3 |  3.0
Fighting       | |  1.5
Stealth        | |  1.2

Action                     |  1- 3 |  4- 6 || total
---------------------------+-------+-------++-------
   Fire: Shortbow          |    77 |    82 ||   159
    Use: Scroll            |     2 |     3 ||     5
         Potion            |       |     1 ||     1
 Armour: Leather armour    |     1 |     3 ||     4
         Scale mail        |       |     3 ||     3
  Dodge: Dodged            |     9 |    14 ||    23

Table legend:
 A = Non-vault XP
 B = Vault XP
 C = Vault XP percentage of total XP
 D = Non-vault monster count
 E = Vault monster count
 F = Vault count percentage of total count
                 A         B        C        D         E       F
            +---------+---------+-------+---------+---------+-------
      Total |     211 |      37 |  14.9 |      57 |       1 |   1.7
            +---------+---------+-------+---------+---------+-------
        D:1 |      23 |       0 |   0.0 |      15 |       0 |   0.0
        D:2 |      89 |      37 |  29.4 |      22 |       1 |   4.3
        D:3 |      91 |       0 |   0.0 |      16 |       0 |   0.0
        D:4 |       8 |       0 |   0.0 |       4 |       0 |   0.0
            +---------+---------+-------+---------+---------+-------
